 Dungeon Crawl Stone Soup version 0.21.0-3-g78d12a8bdd (webtiles) character file.

4414 Rrauwl the Cleaver (level 10, -5/81 HPs)
             Began as a Hill Orc Gladiator on Jan 9, 2018.
             Was a Believer of Ashenzari.
             Slain by a hornet (12 damage)
             ... on level 7 of the Dungeon.
             The game lasted 00:26:22 (9097 turns).

Rrauwl the Cleaver (Hill Orc Gladiator)             Turns: 9097, Time: 00:26:23

Health: -5/81      AC: 16    Str: 21    XL:     10   Next: 36%
Magic:  11/11      EV:  9    Int: 10    God:    Ashenzari [**....]
Gold:   367        SH:  3    Dex: 12    Spells: 9/9 levels left

rFire    . . .     SeeInvis .   a - +0 war axe
rCold    + . .     Gourm    .   p - +0 buckler
rNeg     . . .     Faith    .   r - +2 chain mail {MR+}
rPois    .         Spirit   .   c - +0 helmet
rElec    .         Reflect  .   (no cloak)
rCorr    +         Harm     .   t - +0 pair of gloves
MR       +....                  (no boots)
Stlth    ..........             n - amulet of magic regeneration
HPRegen  0.23/turn              l - ring of resist corrosion
MPRegen  0.37/turn              s - ring of protection from cold

@: lethally poisoned (-5 -> -13), slowed, very slow
A: blink, clever 1, evolution 1, sturdy frame 1
a: Blink, Curse Item, Scrying, Renounce Religion


You were on level 7 of the Dungeon.
You worshipped Ashenzari.
Ashenzari was pleased with you.
You were hungry.

You visited 2 branches of the dungeon, and saw 8 of its levels.

You collected 367 gold pieces.

Inventory:

Hand Weapons
 a - a +0 war axe (weapon)
 b - a +0 blowgun
Missiles
 i - 4 throwing nets (quivered)
 o - 42 poisoned needles
Armour
 c - a +0 helmet (worn)
 p - a +0 buckler (worn)
 r - a +2 chain mail of magic resistance (worn)
 t - a +0 pair of gloves (worn)
Jewellery
 l - a ring of resist corrosion (left hand)
 n - an amulet of magic regeneration (around neck)
 s - a ring of protection from cold (right hand)
Wands
 d - a wand of random effects (3)
 h - a wand of flame (49)
Scrolls
 e - 3 scrolls of identify
 j - a scroll of immolation
 k - 4 scrolls of amnesia
 m - 4 scrolls of teleportation
 q - a scroll of remove curse
Books
 u - a book of Clouds

   Spells                             Type                      Level
   a - Poisonous Vapours              Poison/Air                   2
   b - Mephitic Cloud                 Conjuration/Poison/Air       3
   c - Conjure Flame                  Conjuration/Fire             3
   d - Freezing Cloud                 Conjuration/Ice/Air          6
   e - Ring of Flames                 Charms/Fire                  7
Comestibles
 f - 25 rations


   Skills:
 - Level 5.0 Fighting
 + Level 13.5 Axes
 - Level 2.0 Throwing
 - Level 10.1 Armour
 - Level 3.1 Dodging
 + Level 1.7 Evocations


You had 9 spell levels left.
You didn't know any spells.

Dungeon Overview and Level Annotations

Branches:
Dungeon (7/15)             Temple (1/1) D:6

Altars:
Ashenzari
Cheibriados
Elyvilon
Fedhas
Gozag
Hepliaklqana
Kikubaaqudgha
Makhleb
Nemelex Xobeh
Okawaru
Ru
Sif Muna
Trog
Uskayaw
Vehumet
Wu Jian
Xom
Yredelemnul
Zin
The Shining One
Jiyva


Innate Abilities, Weirdness & Mutations

You can translocate small distances at will.
Your mind is acute. (Int +2)
You evolve.
Your movements are slightly less encumbered by armour. (ER -2)


Message History

The hornet is almost dead.
You feel sick. The hornet stings you!
* * * LOW HITPOINT WARNING * * *
You suddenly lose the ability to move!
The hornet barely misses you.
You feel sick. The hornet stings you.
* * * LOW HITPOINT WARNING * * *
You feel as though you will be slow longer.
* * * LOW HITPOINT WARNING * * *
You feel sick.
The hornet stings you but does no damage.
The hornet stings you.
* * * LOW HITPOINT WARNING * * *
You feel as though you will be slow longer.
You can move again.
You aren't carrying any potions.
You hit the hornet.
The hornet is almost dead.
* * * LOW HITPOINT WARNING * * *
You feel sick. The hornet stings you!
You die...

.....##.# #.#
.....##.# #.#
.....##.# #.#
.....##.# #.#
#'#####.# #^#
#.# #.# #.# #.#
#.####.#### #.#
#.........#####
..#
###.......@...#
###
#######.#y###
#.#.# #.#.#
#.#.# #.#.#
#.#.# #.#.#
#.., *


You could see a hornet.

Vanquished Creatures
  The ghost of MalkierKing the Shield-Bearer, a novice MiFi (D:6)
  The ghost of zkobry the Conjurer, a novice HOAE of Okawaru (D:5)
  A hippogriff (D:7)
  A spriggan (D:7)
  Sigmund (D:4)
  Eustachio (D:5)
  2 humans (D:7)
  Menkaure (D:6)
  Duvessa (D:6)
  A phantom (D:4)
  2 sky beasts
  A black bear (D:5)
  An eye of draining (D:4)
  4 centaurs
  A big kobold (D:4)
  4 bullfrogs
  Dowan (D:6)
  3 scorpions
  4 killer bees (D:7)
  The ghost of zkobry the Conjurer, a weakling HOAE (D:3)
  A howler monkey (D:5)
  4 crimson imps
  A gnoll shaman (D:6)
  A centaur zombie (D:7)
  3 jellies
  An orc priest (D:4)
  3 hounds
  Ijyb (D:3)
  A bullfrog skeleton (D:6)
  A centaur skeleton (D:7)
  3 orc wizards
  A worker ant (D:6)
  2 hound skeletons
  12 adders
  9 gnolls (D:6)
  A shadow imp (D:7)
  10 oozes
  An adder zombie (D:6)
  2 adder skeletons (D:4)
  2 worms
  3 dart slugs
  5 leopard geckos
  13 orcs
  10 bats
  5 giant cockroaches
  8 goblins
  3 hobgoblins
  3 jackals (D:1)
  2 quokkas
  3 ball pythons
  4 frilled lizards
  A jackal zombie (D:7)
  12 kobolds
  8 rats
173 creatures vanquished.

Vanquished Creatures (others)
  10 toadstools (D:4)
10 creatures vanquished.

Grand Total: 183 creatures vanquished

Notes
Turn   | Place    | Note
-------+----------+-------------------------------------------
     0 | D:1      | Rrauwl the Hill Orc Gladiator began the quest for the Orb.
     0 | D:1      | Reached XP level 1. HP: 18/18 MP: 1/1
    19 | D:1      | Noticed a minotaur skeleton
   312 | D:1      | Reached XP level 2. HP: 20/25 MP: 2/2
   460 | D:1      | Reached skill level 1 in Armour
   546 | D:1      | Reached XP level 3. HP: 30/30 MP: 3/3
   835 | D:1      | Found a shattered altar of Ashenzari.
   840 | D:1      | Became a worshipper of Ashenzari the Shackled
  1785 | D:3      | Noticed Ijyb
  1836 | D:3      | Killed Ijyb
  1836 | D:3      | Reached XP level 4. HP: 37/38 MP: 4/4
  1872 | D:3      | Noticed zkobry's ghost (weakling HOAE)
  1882 | D:3      | Killed zkobry's ghost
  1882 | D:3      | Reached skill level 5 in Axes
  1882 | D:3      | Reached XP level 5. HP: 14/46 MP: 5/5
  2181 | D:3      | Found a blossoming altar of Fedhas.
  2501 | D:3      | Found a sparkling altar of Nemelex Xobeh.
  2548 | D:3      | Gained mutation: You can translocate small distances at will. [potion of mutation]
  2548 | D:3      | Gained mutation: Your movements are slightly less encumbered by armour. (ER -2) [potion of mutation]
  2548 | D:3      | Gained mutation: Your body sometimes deteriorates upon taking damage. [potion of mutation]
  2548 | D:3      | Gained mutation: You evolve. [potion of mutation]
  2891 | D:4      | Noticed a big kobold
  2917 | D:4      | Killed a big kobold
  2917 | D:4      | Reached XP level 6. HP: 48/53 MP: 6/6
  3003 | D:4      | Found a bloodstained altar of Trog.
  3003 | D:4      | Noticed an eye of draining
  3021 | D:4      | Killed an eye of draining
  3021 | D:4      | Reached skill level 6 in Axes
  3127 | D:4      | Reached skill level 5 in Fighting
  3269 | D:4      | Reached * piety under Ashenzari
  3319 | D:4      | Reached XP level 7. HP: 60/61 MP: 7/7
  3405 | D:4      | Noticed Sigmund
  3424 | D:4      | Killed Sigmund
  3424 | D:4      | Reached skill level 7 in Axes
  3480 | D:4      | Found a sacrificial altar of Ru.
  3485 | D:4      | Lost mutation: Your body sometimes deteriorates upon taking damage. [evolution]
  3572 | D:4      | Reached skill level 5 in Armour
  4132 | D:5      | Entered Level 5 of the Dungeon
  4152 | D:5      | Reached skill level 8 in Axes
  4152 | D:5      | Reached XP level 8. HP: 61/68 MP: 8/8
  4170 | D:5      | Noticed zkobry's ghost (novice HOAE)
  4182 | D:5      | HP: 3/68 [zkobry's ghost (4)]
  4184 | D:5      | Killed zkobry's ghost
  4184 | D:5      | Reached skill level 9 in Axes
  4866 | D:5      | Found a snail-covered altar of Cheibriados.
  4902 | D:5      | Noticed Eustachio
  4930 | D:5      | Killed Eustachio
  4930 | D:5      | Reached skill level 10 in Axes
  5041 | D:5      | Found a white marble altar of Elyvilon.
  5042 | D:5      | Found an ancient bone altar of Kikubaaqudgha.
  5042 | D:5      | Found a shattered altar of Ashenzari.
  5042 | D:5      | Found a glowing golden altar of the Shining One.
  5048 | D:5      | Found a hide-covered altar of Uskayaw.
  5048 | D:5      | Found a glowing silver altar of Zin.
  5480 | D:6      | Reached XP level 9. HP: 63/74 MP: 9/9
  5554 | D:6      | Noticed Duvessa
  5560 | D:6      | Reached ** piety under Ashenzari
  5572 | D:6      | Noticed Dowan
  5577 | D:6      | Killed Duvessa
  5614 | D:6      | Killed Dowan
  5665 | D:6      | Noticed MalkierKing's ghost (novice MiFi)
  6089 | D:6      | Noticed Menkaure
  6097 | D:6      | Killed Menkaure
  6451 | D:6      | Reached skill level 11 in Axes
  6739 | D:6      | Killed MalkierKing's ghost
  7137 | D:6      | Found a staircase to the Ecumenical Temple.
  7137 | D:6      | Gained mutation: Your mind is acute. (Int +2) [evolution]
  7143 | Temple   | Entered the Ecumenical Temple
  7668 | D:7      | Found a burning altar of Makhleb.
  7718 | D:7      | Reached skill level 12 in Axes
  7790 | D:7      | Found a deep blue altar of Sif Muna.
  7958 | D:7      | Reached skill level 10 in Armour
  7958 | D:7      | Reached XP level 10. HP: 75/81 MP: 10/10
  8044 | D:7      | Reached skill level 13 in Axes
  8052 | D:7      | HP: 4/81 [poisoned by a killer bee]
  8057 | D:7      | HP: 2/81 [poisoned by a killer bee]
  8063 | D:7      | HP: 1/81 [poisoned by a killer bee]
  8070 | D:7      | HP: 1/81 [poisoned by a killer bee]
  8078 | D:7      | HP: 1/81 [poisoned by a killer bee]
  8710 | D:7      | Found an iron altar of Okawaru.
  8733 | D:7      | Reached skill level 1 in Evocations
  9094 | D:7      | Paralysed by a hornet for 3 turns
  9097 | D:7      | Slain by a hornet

Skill      XL: |  1  2  3  4  5  6  7  8  9 10 |
---------------+-------------------------------+-----
Throwing       | 2 |  2.0
Armour         | 1 2 3 5 7 10 | 10.1
Fighting       | 3 4 5 |  5.0
Axes           | 5 6 8 10 12 13 | 13.5
Dodging        | 3 |  3.1
Evocations     | 1 |  1.7

Action                   |  1- 3 |  4- 6 |  7- 9 | 10-12 || total
-------------------------+-------+-------+-------+-------++-------
Melee: War axe           |   132 |   161 |   339 |   110 ||   742
 Fire: Blowgun           |       |     9 |     2 |       ||    11
Throw: Throwing net      |     4 |       |       |       ||     4
Evoke: Wand              |       |     1 |    10 |     9 ||    20
  Use: Scroll            |     3 |     3 |       |     1 ||     7
       Potion            |     4 |     3 |     3 |     1 ||    11
 Stab: Sleeping          |     3 |       |       |       ||     3
       Held in net/web   |     2 |       |       |       ||     2
       Distracted        |     1 |       |       |       ||     1
  Eat: Chunk             |     2 |     6 |     5 |     3 ||    16
       Ration            |       |       |     3 |       ||     3
Armor: Leather armour    |    34 |    16 |       |       ||    50
       Chain mail        |       |    74 |   164 |    63 ||   301
Dodge: Dodged            |    74 |    90 |   120 |    56 ||   340
Block: Buckler           |       |    22 |    28 |    10 ||    60
